 Dungeon Crawl Stone Soup version 0.31-a0-426-g3a05650e59 (webtiles) character file.

Game seed: 10110143312939432973

60 MackTheKnife the Magician (level 3, -6/24 HPs)
             Began as a Mummy Hedge Wizard on July 30, 2023.
             Mangled by Natasha (7 damage)
             ... on level 3 of the Dungeon.
             The game lasted 00:03:34 (2970 turns).

MackTheKnife the Magician (Mummy Hedge Wizard)      Turns: 2970, Time: 00:03:35

Health: -6/24      AC:  3    Str: 13    XL:     3   Next: 80%
Magic:  0/9        EV: 12    Int: 15    God:
Gold:   99         SH:  0    Dex: 11    Spells: 6/11 levels left

rFire   x . .        d - +0 dagger (elec) {short}
rCold   + . .        (no shield)
rNeg    + + +        b - +0 robe rPois โˆž
                     c - +0 hat
rElec   .            (no cloak)
rCorr   .            l - +0 pair of gloves
SInv    .            (no boots)
Will    .....        (no amulet)
Stlth   ++           (no ring)
HPRegen 0.24/turn    (no ring)
MPRegen 0.11/turn

%: faith
@: no status effects
A: cold resistance 1, negative energy resistance 3, torment resistance 2, heat
vulnerability 1, in touch with death 1, no potions, faith
a: no special abilities


You were on level 3 of the Dungeon.
You visited 1 branch of the dungeon, and saw 3 of its levels.

You collected 99 gold pieces.


Innate Abilities, Weirdness & Mutations

You are immune to poison.
Your flesh is cold resistant. (rC+)
You are immune to negative energy. (rN+++)
You are immune to unholy pain and torment.
You are vulnerable to heat. (rF-)
You are in touch with the powers of death.
You do not drink.
You have a special connection with the divine. (Faith)


   Skills:
 - Level 1.5 Dodging
 - Level 1.5 Stealth
 + Level 4.8 Spellcasting
 + Level 1.7 Conjurations
 + Level 1.7 Summonings
 - Level 0.7 Translocations


You had 6 spell levels left.
You knew the following spells:

 Your Spells              Type           Power      Damage    Failure   Level
a - Magic Dart            Conj           32%        1d4       9%          1
b - Call Imp              Summ           16%        N/A       12%         2
c - Blink                 Tloc           10%        N/A       19%         2

Your spell library contained the following spells:

 Spells                   Type           Power      Damage    Failure   Level
 Necrotise                Necr           20%        1d5       17%         1
 Slow                     Hex            12%        N/A       17%         1
 Cigotuvi's Dreadful Rot  Necr/Pois/Air  10%        N/A       26%         2
 Mephitic Cloud           Conj/Pois/Air  5%         N/A       36%         3
 Vampiric Draining        Necr           5%         2d6       45%         3
 Agony                    Necr           5%         N/A       99%         5

Inventory:

Hand Weapons
 d - a +0 dagger of electrocution (weapon) {short}
   (You took it off a goblin on level 1 of the Dungeon)
Missiles
 a - 6 poisoned darts {throwing}
Armour
 b - a +0 robe (worn)
 c - a +0 hat (worn)
 l - a +0 pair of gloves (worn)
   (You found it on level 2 of the Dungeon)
Magical Staves
 m - a staff of conjuration {!a@e2staff}
   (You found it on level 3 of the Dungeon)
Scrolls
 e - a scroll of immolation {unknown}
 f - a scroll of noise {unknown}
 g - 3 scrolls of identify {unknown}
 h - a scroll of vulnerability {unknown}
 i - 2 scrolls of teleportation {unknown}
 j - a scroll of revelation {unknown}
 k - a scroll of fear {unknown}
 n - a scroll of amnesia {unknown}

Dungeon Overview and Level Annotations

Branches:
Dungeon (3/15) Zot: 15031

Altars:
Dithmenos

Shops:
D:2 (

Annotations:
D:1 1 runed translucent door
D:3 Natasha

#.##ยง####.#
#.........# #.#
#+# #.# ### #.####
#.# ###.### #.#!..
#.# #.....###.#.##
#5###.###.##....##
#h##..#...........
#@###.#.#.##....##
#5........###.#...
#####.#.#.# #.####
#.###.# #.#
#.....# #.#
####### #.# #.#
#.#### #[#...


You could see Natasha and 2 cerulean imps.


Message History

The cerulean imp hits your cerulean imp with a +0 spear.
Natasha casts a spell.
There is a shaft here.
Your cerulean imp hits the cerulean imp but does no damage.
The cerulean imp hits your cerulean imp with a +0 spear. ๐Ÿ˜ฎ HP[+1]
Your cerulean imp barely misses the cerulean imp.
The cerulean imp closely misses your cerulean imp.
Your cerulean imp closely misses the cerulean imp.
The cerulean imp hits your cerulean imp with a +0 spear. ๐Ÿ˜ฎ MP[+1]
Your cerulean imp barely misses the cerulean imp.
The cerulean imp hits your cerulean imp with a +0 spear.
Your cerulean imp dies!
Your cerulean imp disappears in a puff of smoke!
Casting: Magic Dart (safe; 9% risk of failure)
Confirm with . or Enter, or press ? or * to list all spells.
You miscast Call Imp.
You are very lightly contaminated with residual magic.
Nothing appears to happen. ๐Ÿ˜ฎ HP[+1] MP[-2]
You lost 2 mp, and now have 4/9 mp.
Unknown command.
Casting: Call Imp (safe; 12% risk of failure)
Confirm with . or Enter, or press ? or * to list all spells.
A tiny devil pulls itself out of the air. ๐Ÿ˜ฎ MP[-2]
You lost 2 mp, and now have 2/9 mp.
Unknown command.
The cerulean imp is sucked into a shaft!
The shaft crumbles and collapses. ๐Ÿ˜ฎ HP[+1]
Your cerulean imp closely misses Natasha.
Natasha stares at you and mumbles some strange words.
The magic dart hits your cerulean imp.
Your cerulean imp hits Natasha from afar with a -4 spear.
Natasha claws your cerulean imp!
Your cerulean imp dies!
Your cerulean imp disappears in a puff of smoke!
Your magical contamination has completely faded away. ๐Ÿ˜ฎ MP[+1]
You are too injured to fight recklessly!
You are too injured to fight recklessly!
Casting: Call Imp (safe; 12% risk of failure)
Confirm with . or Enter, or press ? or * to list all spells.
Aiming: Magic Dart (safe; 9% risk of failure)
Press: ? - help, Shift-Dir - straight line, f - Natasha
Aim: Natasha (moderately wounded, 100% to hit)
You feel a surge of power!
The magic dart hits Natasha. ๐Ÿ˜ฎ MP[-1]
You lost 1 mp, and now have 2/9 mp.
Casting: Magic Dart (safe; 9% risk of failure)
Confirm with . or Enter, or press ? or * to list all spells.
Aiming: Magic Dart (safe; 9% risk of failure)
Press: ? - help, Shift-Dir - straight line, f/p - Natasha
Aim: Natasha (heavily wounded, 100% to hit)
You feel a surge of power!
The magic dart hits Natasha.
Natasha casts a spell at you. The magic dart hits you!
* * * LOW HITPOINT WARNING * * *
๐Ÿ˜จ HP[-6] MP[-1]
You take 6 damage, and now have 12/24 hp.
MASSIVE DAMAGE!! (PAUSE)
You lost 1 mp, and now have 1/9 mp.
Casting: Magic Dart (safe; 9% risk of failure)
Confirm with . or Enter, or press ? or * to list all spells.
Aiming: Magic Dart (safe; 9% risk of failure)
Press: ? - help, Shift-Dir - straight line, f/p - Natasha
Aim: Natasha (severely wounded, 100% to hit)
You feel a surge of power!
The magic dart hits Natasha.
Natasha stares at you and mumbles some strange words.
The magic dart hits you!
* * * LOW HITPOINT WARNING * * *
๐Ÿ˜ฑ HP[-8] MP[-1]
You take 8 damage, and now have 4/24 hp.
MASSIVE DAMAGE!! (PAUSE)
You lost 1 mp, and now have 0/9 mp.
You can't drink.
Unknown command.
You aren't carrying any items that you can evoke.
Unknown command.
You hear the crackle of electricity.
d - a +0 dagger of electrocution (weapon)
{short} Natasha mumbles some strange words.
Natasha mumbles some strange words.
The cerulean imp barely misses you.
Unknown command.
You hit Natasha but do no damage. Natasha barely misses you.
The cerulean imp closely misses you. x2 ๐Ÿ˜ฑ HP[+1]
You barely miss Natasha.
Natasha hisses.
Natasha closely misses you.
The cerulean imp hits you with a +2 spear.
* * * LOW HITPOINT WARNING * * *
The cerulean imp barely misses you. ๐Ÿ˜ฑ HP[-4]
You take 4 damage, and now have 1/24 hp.
You hit Natasha. Natasha claws you!
You die...

Skill      XL: |  1 |
---------------+----+-----
Conjurations   | 1 |  1.7
Summonings     | 1 |  1.7
Dodging        | |  1.5
Stealth        | |  1.5
Spellcasting   | |  4.8
Translocations | |  0.7

Action                     || total
---------------------------++-------
  Melee: Dagger            ||    19
   Cast: Magic Dart        ||   105
         Call Imp          ||     4
 Armour: Robe              ||     9
  Dodge: Dodged            ||    33

Levels and vault maps discovered:
D:1:      dpeg_arrival_caged_fury, layout_loops_ring, roderic_serpentine_path,
          item_on_display_a
D:2:      layout_basic, serial_shops, shop, nicolae_figureground_pulse
D:3:      layout_loops_corners, grunt_dithmenos_smoke, uniq_natasha

Notes
Turn   | Place    | Note
-------+----------+-------------------------------------------
     0 | D:1      | MackTheKnife the Mummy Hedge Wizard began the quest for the
                  | Orb.
     0 | D:1      | Reached XP level 1. HP: 13/13 MP: 5/5
     0 | D:1      | magus.rc [v1.9.6]
     1 | D:1      | Found a runed translucent door.
   136 | D:1      | Reached skill level 1 in Conjurations
   198 | D:1      | Reached skill level 1 in Summonings
   233 | D:1      | magus.rc [v1.9.6]
   301 | D:1      | You pick up a book of Necromancy and begin reading...
   301 | D:1      | You add the spells Necrotise, Vampiric Draining and Agony
                  | to your library.
   322 | D:1      | Reached XP level 2. HP: 19/19 MP: 2/7
   325 | D:1      | Learned a level 2 spell: Call Imp
   605 | D:1      | f - a +0 triple sword {longrare=g}
  1280 | D:1      | You drop a +0 triple sword {longrare=g}.
  1539 | D:2      | Gained mutation: You are in touch with the powers of death.
                  | [Mummy growth]
  1539 | D:2      | Reached XP level 3. HP: 24/24 MP: 6/9
  1909 | D:2      | Found Yrghubay's Antique Weapon Emporium.
  2829 | D:3      | Found a shadowy altar of Dithmenos.
  2939 | D:3      | Noticed Natasha
  2944 | D:3      | Learned a level 2 spell: Blink
  2965 | D:3      | HP: 4/24 [Natasha/magic dart (8)]
  2969 | D:3      | HP: 1/24 [cerulean imp/+2 spear[Natasha] (4)]
  2970 | D:3      | Mangled by Natasha

Vanquished Creatures
  An adder (D:2)
  A dart slug (D:2)
  3 bats
  8 endoplasms
  8 goblins
  3 hobgoblins
  2 jackals (D:2)
  2 quokkas
  3 ball pythons (D:1)
  A frilled lizard (D:3)
  4 kobolds (D:1)
  6 rats
42 creatures vanquished.

Vanquished Creatures (collateral kills)
  A hobgoblin (D:1)
1 creature vanquished.

Grand Total: 43 creatures vanquished

Table legend:
 A = Non-vault XP
 B = Vault XP
 C = Vault XP percentage of total XP
 D = Non-vault monster count
 E = Vault monster count
 F = Vault count percentage of total count
                 A         B        C        D         E       F
            +---------+---------+-------+---------+---------+-------
      Total |      86 |       0 |   0.0 |      43 |       0 |   0.0
            +---------+---------+-------+---------+---------+-------
        D:1 |      34 |       0 |   0.0 |      21 |       0 |   0.0
        D:2 |      47 |       0 |   0.0 |      19 |       0 |   0.0
        D:3 |       5 |       0 |   0.0 |       3 |       0 |   0.0
            +---------+---------+-------+---------+---------+-------

Skill      XL: |  1 |
---------------+----+-----
Conjurations   | 1 |  1.7
Summonings     | 1 |  1.7
Dodging        | |  1.5
Stealth        | |  1.5
Spellcasting   | |  4.8
Translocations | |  0.7

Action                     || total
---------------------------++-------
  Melee: Dagger            ||    19
   Cast: Magic Dart        ||   105
         Call Imp          ||     4
 Armour: Robe              ||     9
  Dodge: Dodged            ||    33

Illustrated notes

Table legend:
 A = Kills in this place as a percentage of kills in the entire game.
 B = Kills by you in this place as a percentage of kills by you in the entire game.
 C = Kills by friends in this place as a percentage of kills by friends in the entire game.
 D = Other kills in this place as a percentage of other kills in the entire game.
 E = Experience gained in this place as a percentage of experience gained in the entire game.
 F = Experience gained in this place divided by the number of levels of this place that you have seen.
                   A       B       C       D       E      F
               +-------+-------+-------+-------+-------+----------------------
         Total | 100.0 | 100.0 | 100.0 |   N/A | 100.0 |  28.7
       Dungeon | 100.0 | 100.0 | 100.0 |   N/A | 100.0 |  28.7
               +-------+-------+-------+-------+-------+----------------------

Table legend: (Time is in decaauts)
 A = Elapsed time spent in this place.
 B = Non-inter-level travel time spent in this place.
 C = Inter-level travel time spent in this place.
 D = Time resting spent in this place.
 E = Time spent auto-exploring this place.
 F = Levels seen in this place.
 G = Mean time per level.
                   A        B        C        D        E       F      G
               +--------+--------+--------+--------+--------+-----+--------+
         Total |   2968 |   2932 |     36 |      2 |   2645 |   3 |  989.3 |
       Dungeon |   2968 |   2932 |     36 |      2 |   2645 |   3 |  989.3 |
               +--------+--------+--------+--------+--------+-----+--------+

Top non-repeatable levels by time:
     D:1: 1285 daAuts
     D:2: 1203 daAuts
     D:3: 478 daAuts
